 Dungeon Crawl Stone Soup version 0.31-a0-174-g85c54bcb58 (webtiles) character file.

Game seed: 8599795218569771665

12936 qw the Marksgargoyle (level 12, -1/80 HPs)
             Began as a Gargoyle Hunter on June 15, 2023.
             Was a Believer of Okawaru.
             Slain by a wolf (7 damage)
             ... on level 1 of the Lair of Beasts.
             The game lasted 00:06:10 (9100 turns).

qw the Marksgargoyle (Gargoyle Hunter)              Turns: 9100, Time: 00:06:10

Health: -1/80      AC: 21    Str: 16    XL:     12   Next: 0%
Magic:  10/13      EV: 17    Int: 15    God:    Okawaru [**....]
Gold:   418        SH:  0    Dex: 17    Spells: 11/11 levels left

rFire   . . .        Y - +0 orcbow
rCold   + . .        (shield currently unavailable)
rNeg    + . .        o - +0 troll leather armour
rPois   inf          l - +2 helmet
rElec   +            (no cloak)
rCorr   .            (no gloves)
SInv    +            (no boots)
Will    .....        (no amulet)
Stlth   +++          m - ring of Rapimet {rC+ Int+5 SInv}
HPRegen 1.13/turn    f - +4 ring of protection
MPRegen 0.13/turn

%: no passive effects
@: about to teleport, heroic
A: sickness immunity, AC +8, negative energy resistance 1, electricity
resistance, torment resistance 1, petrification resistance
a: Renounce Religion, Heroism


You were on level 1 of the Lair of Beasts.
You worshipped Okawaru.
Okawaru was pleased with you.
You visited 3 branches of the dungeon, and saw 11 of its levels.
You also visited: Sewer.

You collected 637 gold pieces.
You spent 219 gold pieces at shops.


Innate Abilities, Weirdness & Mutations

You are immune to sickness and miasma.
Your stone body is resilient. (AC +8)
You are immune to poison.
You resist negative energy. (rN+)
You are resistant to electric shocks. (rElec)
You are resistant to unholy torment.
You are immune to petrification.


   Skills:
 - Level 11.4(16.4) Fighting
 - Level 16.0(21.0) Ranged Weapons
 - Level 4.0(9.0) Armour
 + Level 5.4(10.4) Dodging
 - Level 1.1(6.1) Stealth
 + Level 2.6 Invocations


You had 11 spell levels left.
You didn't know any spells.
Your spell library was empty.

Inventory:

Hand Weapons
 Y - a +0 orcbow (weapon)
Armour
 l - a +2 helmet (worn)
 o - a +0 troll leather armour (worn)
Jewellery
 b - a ring of protection from cold
 c - an amulet of guardian spirit
 f - a +4 ring of protection (right hand)
 m - the ring of Rapimet (left hand) {rC+ Int+5 SInv}
   (You found it on level 6 of the Dungeon)

   [ring of see invisible]

   Int:       It affects your intelligence (+5).
   rC:        It protects you from cold.
   SInv:      It lets you see invisible.
Scrolls
 a - 6 scrolls of identify
 j - a scroll of acquirement {unknown}
Potions
 d - 2 potions of lignification
 e - 3 potions of curing
 g - 3 potions of haste
 h - a potion of heal wounds
 k - a potion of might
 n - 3 potions of magic
 q - 2 potions of attraction

Dungeon Overview and Level Annotations

Branches:
Dungeon (9/15)             Temple (1/1) D:7            Lair (1/5) D:9
  Sewer (visited)
    Orc: D:9-12

Altars:
Ashenzari
Cheibriados
Dithmenos
Elyvilon
Fedhas
Gozag
Hepliaklqana
Kikubaaqudgha
Makhleb
Nemelex Xobeh
Okawaru
Qazlal
Ru
Sif Muna
Trog
Uskayaw
Vehumet
Wu Jian
Xom
Yredelemnul
Zin
The Shining One
Lugonu

Shops:
D:2 !   D:3 !   D:6 *

Portals:
Abyss: D:1

Annotations:
D:1 2 runed translucent doors
D:7 3 runed translucent doors, qw's ghost, novice NaHu


Message History

You shoot an arrow. The arrow hits the wolf!
The wolf is heavily wounded.
The wolf completely misses you.
The komodo dragon bites you but does no damage.
The wolf misses you.
You shoot an arrow. The arrow completely misses the wolf.
You feel like a meek peon again. The wolf bites you. x2
The komodo dragon bites you but does no damage.
9093 ||| INVOKING Heroism.
You gain the combat prowess of a mighty hero.
The wolf bites you but does no damage. The wolf bites you.
The wolf bites you but does no damage. The wolf misses you.
The komodo dragon bites you but does no damage.
You shoot an arrow. The arrow barely misses the wolf.
The wolf misses you. The wolf bites you.
You shoot an arrow. The arrow barely misses the wolf.
The wolf closely misses you. The wolf bites you. The komodo dragon misses you.
The wolf closely misses you.
You shoot an arrow.
The arrow hits the wolf but does no damage.
The wolf is heavily wounded.
The wolf misses you. The komodo dragon closely misses you.
The wolf bites you but does no damage. The wolf barely misses you.
You shoot an arrow. The arrow hits the wolf!
You kill the wolf!
Okawaru accepts your kill. The wolf misses you.
The komodo dragon closely misses you.
You have reached level 12!
You feel stronger.
You shoot an arrow.
The arrow completely misses the komodo dragon.
The wolf bites you but does no damage.
You shoot an arrow. The arrow hits the komodo dragon!
The komodo dragon is moderately wounded.
The wolf bites you. The komodo dragon bites you!!
9100 ||| READING scroll of teleportation.
As you read the scroll of teleportation, it crumbles to dust.
You feel strangely unstable. The wolf bites you!
You die...

....... ..#### .
.#..... ...#...#.
....... ..........
.......
....#....##.......
.#.#......#.......
..........#%......
..........@l......
..........h.......
......%......>....
#.................
.##..........(......
...................
#..........#P...## .
#..........P....# ..
#................


You could see a komodo dragon and a wolf.

Vanquished Creatures
  Gastronok (Lair:1)
  A cane toad (Lair:1)
  An unseen horror (D:6)
  A rime drake (Lair:1)
  A komodo dragon (D:9)
  A troll (D:9)
  A hornet (D:7)
  Prince Ribbit (D:6)
  A shadow (D:6)
  A spriggan (D:7)
  A wyvern (D:9)
  A wraith (D:9)
  9 yaks
  4 water moccasins
  2 sky beasts (D:7)
  An ice beast (D:4)
  6 black bears
  4 wolves (Lair:1)
  3 centaurs
  2 phantoms
  4 kobold brigands
  Blork the orc (D:6)
  3 bullfrogs
  4 scorpions
  6 wights
  2 howler monkeys
  6 hounds
  5 jellies
  A gnoll bouda (D:7)
  3 iguanas
  3 sleepcaps (D:6)
  8 orc wizards
  Ijyb (D:4)
  Robin (D:3)
  14 adders
  18 gnolls
  A white imp (D:6)
  4 worms
  4 dart slugs
  3 orcs
  12 endoplasms
  15 giant cockroaches
  15 goblins
  6 hobgoblins
  2 jackals (D:2)
  16 quokkas
  16 ball pythons
  7 bats
  10 frilled lizards
  30 kobolds
  13 rats
  A rat zombie (D:4)
278 creatures vanquished.

Notes
Turn   | Place    | Note
-------+----------+-------------------------------------------
     0 | D:1      | qw the Gargoyle Hunter began the quest for the Orb.
     0 | D:1      | Reached XP level 1. HP: 12/12 MP: 1/1
     0 | D:1      | 0 ||| qw: Version: 0.2-a-29-g511e9b1
     0 | D:1      | 0 ||| qw: Game counter: 5604
     0 | D:1      | 0 ||| qw: Always use a shield: true
     0 | D:1      | 0 ||| qw: God list: Okawaru
     0 | D:1      | 0 ||| qw: Allow faded altars: false
     0 | D:1      | 0 ||| qw: Do Orc after D:15 true
     0 | D:1      | 0 ||| qw: Do second Lair branch before Depths: true
     0 | D:1      | 0 ||| qw: Lair rune preference: random
     0 | D:1      | 0 ||| qw: Plans: Normal, Zot:1-4, Slime:5, God:TSO, Crypt,
                  | Tomb, Abyss, Pan, Hells, Win
     0 | D:1      | 0 ||| PLANNING D:1-11
    47 | D:1      | Found a large runed translucent door.
    47 | D:1      | Found a large runed translucent door.
    48 | D:1      | Noticed a quasit
    49 | D:1      | Found a one-way gate to the infinite horrors of the Abyss.
    49 | D:1      | Found a corrupted altar of Lugonu.
    49 | D:1      | Noticed a crimson imp
    49 | D:1      | Noticed a crimson imp
    50 | D:1      | Noticed a crimson imp
    50 | D:1      | Noticed an iron imp
    55 | D:1      | Noticed an iron imp
   225 | D:1      | Reached XP level 2. HP: 17/17 MP: 2/2
   509 | D:1      | Reached XP level 3. HP: 21/21 MP: 3/3
   552 | D:1      | Reached skill level 5 in Ranged Weapons
   863 | D:1      | 863 ||| UPGRADING to +0 ring mail.
   873 | D:1      | 873 ||| DROPPING +0 leather armour.
   874 | D:1      | 874 ||| UPGRADING to +4 ring of protection.
   875 | D:1      | 875 ||| UPGRADING to ring of protection from cold.
   876 | D:1      | 876 ||| READING 4 scrolls labelled PINIRU UNAOL.
   877 | D:1      | 877 ||| READING scroll labelled BAUBRITHET.
   878 | D:1      | 878 ||| READING scroll labelled BUPOPH RIAROWE.
   975 | D:1      | 975 ||| READING 3 scrolls of identify.
   975 | D:1      | 975 ||| IDENTIFYING brown potion
   976 | D:1      | 976 ||| READING 2 scrolls of identify.
   976 | D:1      | 976 ||| IDENTIFYING cyan potion
   977 | D:1      | 977 ||| DROPPING scroll of butterflies.
  1020 | D:2      | Reached skill level 1 in Armour
  1066 | D:2      | Reached skill level 3 in Fighting
  1066 | D:2      | Reached XP level 4. HP: 28/28 MP: 4/4
  1331 | D:2      | Found Noixarits's Distillery.
  1340 | D:2      | 1340 ||| BUYING 2 potions of lignification (60 gold).
  1340 | D:2      | Bought 2 potions of lignification for 60 gold pieces
  1340 | D:2      | 1340 ||| SHOPLISTING 2 potions of magic (160 gold, have
                  | 58).
  1340 | D:2      | 1340 ||| BUYING potion of curing (30 gold).
  1340 | D:2      | Bought a potion of curing for 30 gold pieces
  1340 | D:2      | 1340 ||| SHOPLISTING potion of haste (100 gold, have 28).
  1340 | D:2      | 1340 ||| SHOPLISTING potion of heal wounds (50 gold, have
                  | 28).
  1340 | D:2      | 1340 ||| SHOPLISTING potion of lignification (30 gold, have
                  | 28).
  1340 | D:2      | 1340 ||| SHOPLISTING potion of might (40 gold, have 28).
  1340 | D:2      | 1340 ||| SHOPLISTING potion of resistance (100 gold, have
                  | 28).
  1600 | D:2      | Found a faded altar of an unknown god.
  1707 | D:2      | 1707 ||| UPGRADING to amulet of guardian spirit.
  1712 | D:2      | 1712 ||| READING scroll labelled DOPYRIMPOM.
  1713 | D:2      | 1713 ||| READING 2 scrolls of identify.
  1713 | D:2      | 1713 ||| IDENTIFYING emerald potion
  1714 | D:2      | 1714 ||| DROPPING potion of ambrosia.
  1739 | D:3      | Noticed a black bear
  1745 | D:3      | 1745 ||| STAIRDANCE
  1753 | D:2      | Killed a black bear
  1754 | D:2      | Reached skill level 6 in Ranged Weapons
  1754 | D:2      | Reached XP level 5. HP: 22/32 MP: 2/5
  1828 | D:3      | Noticed Robin
  1839 | D:3      | Killed Robin
  1940 | D:3      | Reached XP level 6. HP: 38/38 MP: 6/6
  1979 | D:3      | Found Wehoz's Distillery.
  1987 | D:3      | 1987 ||| BUYING potion of attraction (39 gold).
  1987 | D:3      | Bought a potion of attraction for 39 gold pieces
  1987 | D:3      | 1987 ||| SHOPLISTING potion of cancellation (104 gold, have
                  | 8).
  1987 | D:3      | 1987 ||| SHOPLISTING potion of might (52 gold, have 8).
  1987 | D:3      | 1987 ||| SHOPLISTING potion of mutation (104 gold, have 8).
  2136 | D:3      | Found an opulent altar of Gozag.
  2388 | D:3      | 2388 ||| UPGRADING to +0 helmet.
  2393 | D:3      | 2393 ||| READING scroll labelled OBANTENARPH.
  2394 | D:3      | 2394 ||| READING scroll labelled RERGHU TUN ROYKHIU.
  2395 | D:3      | 2395 ||| DRINKING 2 smoky black potions.
  2396 | D:3      | 2396 ||| READING 2 scrolls of identify.
  2396 | D:3      | 2396 ||| IDENTIFYING green potion
  2397 | D:3      | 2397 ||| DROPPING potion of brilliance.
  2509 | D:4      | Found a glowing golden altar of the Shining One.
  2528 | D:4      | Noticed a black bear
  2537 | D:4      | Killed a black bear
  2538 | D:4      | Reached skill level 7 in Ranged Weapons
  2538 | D:4      | Reached XP level 7. HP: 43/43 MP: 7/7
  2664 | D:4      | 2664 ||| FLEEEEING.
  2665 | D:4      | 2665 ||| FLEEEEING.
  2666 | D:4      | 2666 ||| FLEEEEING.
  2667 | D:4      | 2667 ||| FLEEEEING.
  2777 | D:4      | Found an ancient bone altar of Kikubaaqudgha.
  2856 | D:4      | Reached skill level 8 in Ranged Weapons
  2875 | D:4      | Found a broken altar of Ashenzari.
  2879 | D:4      | Saw a vision of the Swamp and the Spider Nest.
  2879 | D:4      | Noticed a vampire mosquito
  2879 | D:4      | Noticed a vampire mosquito
  2879 | D:4      | Noticed a culicivora
  2879 | D:4      | Noticed an emperor scorpion
  2879 | D:4      | Noticed a bunyip
  2879 | D:4      | Noticed an eleionoma
  2879 | D:4      | Noticed a goliath frog
  2879 | D:4      | Noticed a culicivora
  2879 | D:4      | Noticed a wolf spider
  2880 | D:4      | Noticed a redback
  2880 | D:4      | Noticed a swamp dragon
  2880 | D:4      | Noticed an alligator
  2881 | D:4      | Noticed a broodmother
  2882 | D:4      | Noticed a redback
  2882 | D:4      | Noticed a jumping spider
  2882 | D:4      | Noticed a tyrant leech
  2883 | D:4      | Noticed an entropy weaver
  2924 | D:4      | 2924 ||| READING scroll labelled CIXOQI DAQO.
  2925 | D:4      | 2925 ||| READING scroll labelled SAICYI EGEXA.
  2926 | D:4      | 2926 ||| READING 2 scrolls of identify.
  2926 | D:4      | 2926 ||| IDENTIFYING silvery potion
  2927 | D:4      | 2927 ||| DROPPING potion of invisibility.
  2938 | D:5      | Entered Level 5 of the Dungeon
  2938 | D:5      | Noticed Ijyb
  2939 | D:5      | 2939 ||| PLANNING SEWER
  2940 | D:5      | 2940 ||| STAIRDANCE
  2970 | D:5      | 2970 ||| STAIRDANCE
  2977 | D:4      | Killed Ijyb
  3063 | D:5      | 3063 ||| READING scroll of enchant armour.
  3063 | D:5      | 3063 ||| ENCHANTING +0 helmet.
  3256 | D:5      | 3256 ||| Stepping ~*~*~tactically~*~*~ (water).
  3261 | D:5      | 3261 ||| Stepping ~*~*~tactically~*~*~ (water).
  3271 | D:5      | 3271 ||| Stepping ~*~*~tactically~*~*~ (water).
  3284 | D:5      | Found a glowing drain.
  3285 | D:5      | 3285 ||| Stepping ~*~*~tactically~*~*~ (water).
  3295 | D:5      | 3295 ||| READING scroll labelled NUICEXI FUCERR.
  3306 | D:5      | 3306 ||| Stepping ~*~*~tactically~*~*~ (water).
  3322 | Sewer    | Entered a sewer
  3359 | Sewer    | 3359 ||| Stepping ~*~*~tactically~*~*~ (water).
  3404 | Sewer    | 3404 ||| Stepping ~*~*~tactically~*~*~ (water).
  3443 | Sewer    | 3443 ||| Stepping ~*~*~tactically~*~*~ (water).
  3450 | Sewer    | 3450 ||| Stepping ~*~*~tactically~*~*~ (water).
  3459 | Sewer    | 3459 ||| Stepping ~*~*~tactically~*~*~ (water).
  3476 | Sewer    | 3476 ||| Stepping ~*~*~tactically~*~*~ (water).
  3478 | Sewer    | 3478 ||| Stepping ~*~*~tactically~*~*~ (water).
  3488 | Sewer    | 3488 ||| Stepping ~*~*~tactically~*~*~ (water).
  3518 | Sewer    | 3518 ||| Stepping ~*~*~tactically~*~*~ (water).
  3526 | Sewer    | Reached XP level 8. HP: 47/49 MP: 8/8
  3589 | Sewer    | 3589 ||| Stepping ~*~*~tactically~*~*~ (water).
  3680 | D:5      | 3680 ||| PLANNING D:1-11
  3802 | D:5      | Reached skill level 9 in Ranged Weapons
  3894 | D:5      | Reached skill level 6 in Fighting
  3897 | D:5      | 3897 ||| DRINKING 3 potions of curing.
  3897 | D:5      | 3897 ||| (to cure confusion)
  3963 | D:5      | 3963 ||| DRINKING 2 potions of curing.
  3963 | D:5      | 3963 ||| (to cure confusion)
  4175 | D:5      | Found a white marble altar of Elyvilon.
  4182 | D:5      | 4182 ||| DRINKING 2 fuming black potions.
  4182 | D:5      | Reached skill level 14 in Ranged Weapons
  4182 | D:5      | Reached XP level 9. HP: 55/55 MP: 9/9
  4183 | D:5      | 4183 ||| DRINKING potion of experience.
  4183 | D:5      | Reached XP level 10. HP: 70/70 MP: 10/10
  4224 | D:6      | Found a stormy altar of Qazlal.
  4228 | D:6      | Identified the ring of Rapimet {rC+ Int+5 SInv}
  4420 | D:6      | 4420 ||| Stepping randomly (disturbance).
  4422 | D:6      | 4422 ||| UPGRADING to ring of Rapimet {rC+ Int+5 SInv}.
  4423 | D:6      | Noticed an unseen horror
  4424 | D:6      | 4424 ||| UPGRADING to +4 ring of protection.
  4426 | D:6      | 4426 ||| READING 2 scrolls of identify.
  4426 | D:6      | 4426 ||| IDENTIFYING viscous puce potion
  4454 | D:6      | Killed an unseen horror
  4498 | D:6      | 4498 ||| FLEEEEING.
  4499 | D:6      | 4499 ||| FLEEEEING.
  4500 | D:6      | 4500 ||| FLEEEEING.
  4501 | D:6      | 4501 ||| FLEEEEING.
  4502 | D:6      | 4502 ||| FLEEEEING.
  4503 | D:6      | 4503 ||| FLEEEEING.
  4505 | D:6      | 4505 ||| FLEEEEING.
  4506 | D:6      | 4506 ||| FLEEEEING.
  4507 | D:6      | 4507 ||| FLEEEEING.
  4508 | D:6      | 4508 ||| FLEEEEING.
  4509 | D:6      | 4509 ||| FLEEEEING.
  4510 | D:6      | 4510 ||| FLEEEEING.
  4521 | D:6      | Reached skill level 3 in Dodging
  4598 | D:6      | Noticed Prince Ribbit
  4622 | D:6      | Killed Prince Ribbit
  4623 | D:6      | Reached skill level 3 in Armour
  4731 | D:6      | 4731 ||| UPGRADING to +0 orcbow.
  4732 | D:6      | 4732 ||| DROPPING +1 shortbow.
  4821 | D:6      | Found Miept's Elemental Accessories.
  4928 | D:6      | Found a shimmering altar of Xom.
  5008 | D:6      | Noticed Blork the orc
  5015 | D:6      | Killed Blork the orc
  5016 | D:6      | Reached XP level 11. HP: 74/74 MP: 11/11
  5203 | D:6      | 5203 ||| READING 4 scrolls of identify.
  5203 | D:6      | 5203 ||| IDENTIFYING fuming blue potion
  5204 | D:6      | 5204 ||| DROPPING potion of enlightenment.
  5238 | D:7      | 5238 ||| DRINKING potion of curing.
  5238 | D:7      | 5238 ||| (to cure confusion)
  5546 | D:7      | 5546 ||| Stepping ~*~*~tactically~*~*~ (outnumbered).
  5548 | D:7      | 5548 ||| Stepping ~*~*~tactically~*~*~ (outnumbered).
  5664 | D:7      | Found a staircase to the Ecumenical Temple.
  5665 | D:7      | 5665 ||| PLANNING TEMPLE
  5665 | D:7      | 5665 ||| READING scroll labelled RATU NYCLEMP.
  5666 | D:7      | 5666 ||| READING scroll labelled ZUISEWK FUZY.
  5677 | D:7      | 5677 ||| FLEEEEING.
  5678 | D:7      | 5678 ||| FLEEEEING.
  5679 | D:7      | 5679 ||| FLEEEEING.
  5680 | D:7      | 5680 ||| FLEEEEING.
  5681 | D:7      | 5681 ||| FLEEEEING.
  5682 | D:7      | 5682 ||| FLEEEEING.
  5683 | D:7      | 5683 ||| FLEEEEING.
  5684 | D:7      | 5684 ||| STAIRDANCE
  5726 | Temple   | Entered the Ecumenical Temple
  5752 | Temple   | 5752 ||| PLANNING OKAWARU WORSHIP
  5963 | Temple   | Became a worshipper of Warmaster Okawaru
  5964 | Temple   | 5964 ||| PLANNING D:1-11
  5964 | Temple   | 5964 ||| REMOVING amulet of guardian spirit.
  6075 | D:7      | Found a runed translucent gate.
  6075 | D:7      | Found a runed translucent gate.
  6075 | D:7      | Found a runed translucent gate.
  6078 | D:7      | Noticed qw's ghost (novice NaHu)
  6081 | D:7      | Identified the +1 chain mail of Understanding {rN+ rCorr}
  6237 | D:7      | Found a hazy altar of Hepliaklqana.
  6241 | D:7      | Paralysed by a spriggan for 5 turns
  6315 | D:7      | Found a faded altar of an unknown god.
  7055 | D:8      | Reached skill level 15 in Ranged Weapons
  7226 | D:8      | Found Zin's Purification Station.
  7231 | D:8      | Found a glowing silver altar of Zin.
  7234 | D:8      | 7234 ||| BUYING potion of curing (90 gold).
  7234 | D:8      | Bought a potion of curing for 90 gold pieces
  7309 | D:8      | 7309 ||| Stepping ~*~*~tactically~*~*~ (outnumbered).
  7312 | D:8      | 7312 ||| Stepping ~*~*~tactically~*~*~ (outnumbered).
  7315 | D:8      | 7315 ||| Stepping ~*~*~tactically~*~*~ (outnumbered).
  7388 | D:8      | Found a shadowy altar of Dithmenos.
  7624 | D:8      | 7624 ||| DRINKING 2 pink potions.
  7625 | D:8      | 7625 ||| DROPPING potion of degeneration.
  7632 | D:9      | Noticed a cyclops
  7639 | D:9      | Noticed a boulder beetle
  7648 | D:9      | 7648 ||| STAIRDANCE
  7650 | D:8      | HP: 18/74 [cyclops (6)]
  7651 | D:8      | 7651 ||| READING 3 scrolls of teleportation.
  7652 | D:8      | 7652 ||| DRINKING 3 potions of heal wounds.
  7760 | D:9      | 7760 ||| Stepping ~*~*~tactically~*~*~ (outnumbered).
  8013 | D:9      | Found an ornate altar of the Wu Jian Council.
  8055 | D:9      | 8055 ||| FLEEEEING.
  8056 | D:9      | 8056 ||| FLEEEEING.
  8057 | D:9      | 8057 ||| FLEEEEING.
  8058 | D:9      | 8058 ||| FLEEEEING.
  8059 | D:9      | 8059 ||| FLEEEEING.
  8060 | D:9      | 8060 ||| FLEEEEING.
  8061 | D:9      | 8061 ||| FLEEEEING.
  8062 | D:9      | 8062 ||| FLEEEEING.
  8063 | D:9      | 8063 ||| FLEEEEING.
  8127 | D:9      | Reached * piety under Okawaru
  8137 | D:9      | 8137 ||| INVOKING Heroism.
  8140 | D:9      | Reached skill level 1 in Invocations
  8229 | D:9      | 8229 ||| INVOKING Heroism.
  8263 | D:9      | 8263 ||| FLEEEEING.
  8316 | D:9      | 8316 ||| INVOKING Heroism.
  8336 | D:9      | 8336 ||| INVOKING Heroism.
  8341 | D:9      | HP: 18/74 [wight/+2 scimitar (11)]
  8342 | D:9      | 8342 ||| READING 2 scrolls of teleportation.
  8342 | D:9      | HP: 4/74 [wraith (6)]
  8343 | D:9      | 8343 ||| DRINKING 2 potions of heal wounds.
  8394 | D:9      | 8394 ||| INVOKING Heroism.
  8408 | D:9      | 8408 ||| FLEEEEING.
  8409 | D:9      | 8409 ||| FLEEEEING.
  8410 | D:9      | 8410 ||| FLEEEEING.
  8411 | D:9      | 8411 ||| FLEEEEING.
  8412 | D:9      | 8412 ||| FLEEEEING.
  8413 | D:9      | 8413 ||| FLEEEEING.
  8414 | D:9      | 8414 ||| FLEEEEING.
  8415 | D:9      | 8415 ||| FLEEEEING.
  8416 | D:9      | 8416 ||| FLEEEEING.
  8417 | D:9      | 8417 ||| FLEEEEING.
  8422 | D:9      | 8422 ||| FLEEEEING.
  8423 | D:9      | 8423 ||| INVOKING Heroism.
  8616 | D:9      | Found a staircase to the Lair.
  8674 | D:9      | Reached skill level 16 in Ranged Weapons
  8832 | D:9      | 8832 ||| PLANNING LAIR
  8832 | D:9      | 8832 ||| UPGRADING to +0 troll leather armour.
  8842 | D:9      | 8842 ||| DROPPING +0 ring mail.
  8882 | Lair:1   | Entered Level 1 of the Lair of Beasts
  8894 | Lair:1   | Noticed Gastronok
  8895 | Lair:1   | 8895 ||| INVOKING Heroism.
  8910 | Lair:1   | 8910 ||| INVOKING Heroism.
  8931 | Lair:1   | Killed Gastronok
  8986 | Lair:1   | 8986 ||| READING scroll of enchant armour.
  8986 | Lair:1   | 8986 ||| ENCHANTING +1 helmet.
  9010 | Lair:1   | 9010 ||| INVOKING Heroism.
  9020 | Lair:1   | Reached ** piety under Okawaru
  9067 | Lair:1   | 9067 ||| INVOKING Heroism.
  9093 | Lair:1   | 9093 ||| INVOKING Heroism.
  9098 | Lair:1   | Reached XP level 12. HP: 28/80 MP: 10/13
  9099 | Lair:1   | HP: 5/80 [komodo dragon (23)]
  9100 | Lair:1   | 9100 ||| READING scroll of teleportation.
  9100 | Lair:1   | Slain by a wolf

Levels and vault maps discovered:
D:1:      erik_arrival_cave_to_civilisation [erik_arrival_cave_to_temple],
          layout_basic, minmay_rat_gold_closets
D:2:      layout_loops_ring, serial_shops, nicolae_shop_trees,
          dreamdust_ecumenical_altar_hidden_monk_grotto, grunt_ministairs_8,
          minmay_ruptured
D:3:      layout_rooms, mainiacjoe_overflow_paths, serial_shops,
          nicolae_shop_industrial_runoff, dk_noncrumbling_4, uniq_robin,
          uniq_crazy_yiuf_cottage
D:4:      layout_rooms, lemuel_zombie_altar_kikubaaqudgha,
          grunt_ashenzari_visionary [grunt_ashenzari_visionary_swamp,
          grunt_ashenzari_visionary_spider],
          mainiacjoe_overflow_concentric_impassable
D:5:      layout_basic, nicolae_elyvilon_temple_path, gup_sewer_entry_pipe,
          chequers_avenue, minmay_a_box_with_orc_wizards_in_it, uniq_ijyb
D:6:      layout_gridville, nicolae_overflow_crystal_walls, xom_butterflies,
          nicolae_elemental_shop, kb_rosetta, uniq_blork_the_orc,
          uniq_prince_ribbit1
D:7:      layout_basic, beargit_hepliaklqana_dungeon_heroes,
          minmay_temple_entry_mist, biasface_ghost_orc_armoury
D:8:      layout_basic, mainiacjoe_overflow_alcove_4, zin_purify,
          grunt_decor_fettered
D:9:      layout_roguey, nicolae_wu_jian_glorious_leap,
          due_lair_maze_entry_diamond, nzn_sisyphean_effort
Temple:   minmay_temple_curvy_loop
Lair:1:   layout_gridlike, ebering_ghost_inner_flame,
          infiniplex_staircase_pool_2, uniq_gastronok

Skill      XL: |  1  2  3  4  5  6  7  8  9 10 11 |
---------------+----------------------------------+-----
Ranged Weapons | 5 6 7 8 14 16 | 16.0
Armour         | 1 2 3 4 |  4.0
Fighting       | 3 4 5 6 11 | 11.4
Dodging        | 2 3 5 |  5.4
Invocations    | 2 |  2.6
Stealth        | |  1.1

Action                     |  1- 3 |  4- 6 |  7- 9 | 10-12 || total
---------------------------+-------+-------+-------+-------++-------
   Fire: Shortbow          |    87 |   220 |   373 |    85 ||   765
         Orcbow            |       |       |       |   556 ||   556
 Invoke: Heroism           |       |       |       |    11 ||    11
    Use: Scroll            |     5 |     5 |     5 |     8 ||    23
         Potion            |       |     1 |     4 |     4 ||     9
 Armour: Leather armour    |     6 |       |       |       ||     6
         Ring mail         |     4 |   140 |   152 |   145 ||   441
         Troll leather arm |       |       |       |    21 ||    21
  Dodge: Dodged            |    18 |    94 |   114 |   262 ||   488

Table legend:
 A = Non-vault XP
 B = Vault XP
 C = Vault XP percentage of total XP
 D = Non-vault monster count
 E = Vault monster count
 F = Vault count percentage of total count
                 A         B        C        D         E       F
            +---------+---------+-------+---------+---------+-------
      Total |    8034 |    4756 |  37.2 |     179 |      99 |  35.6
            +---------+---------+-------+---------+---------+-------
        D:1 |      32 |      11 |  25.6 |      21 |      10 |  32.3
        D:2 |     194 |      14 |   6.7 |      18 |       5 |  21.7
        D:3 |      81 |      34 |  29.6 |      23 |      11 |  32.4
        D:4 |     467 |      34 |   6.8 |      20 |       2 |   9.1
        D:5 |     550 |     231 |  29.6 |      13 |      15 |  53.6
        D:6 |     523 |    1101 |  67.8 |      11 |       5 |  31.2
        D:7 |    1100 |     220 |  16.7 |      32 |       1 |   3.0
        D:8 |     932 |       0 |   0.0 |      12 |       0 |   0.0
        D:9 |    2364 |    1375 |  36.8 |      19 |       9 |  32.1
     Lair:1 |    1791 |    1429 |  44.4 |      10 |       1 |   9.1
      Sewer |       0 |     307 | 100.0 |       0 |      40 | 100.0
            +---------+---------+-------+---------+---------+-------
